 Dungeon Crawl Stone Soup version 0.25.0-26-g0c896c7088 (webtiles) character file.

Game seed: 12890946593934979936

396 Curus the Spear-Bearer (level 6, -1/70 HPs)
             Began as a Merfolk Berserker on July 1, 2020.
             Was a Priest of Trog.
             Slain by a killer bee (4 damage)
             ... on level 4 of the Dungeon.
             The game lasted 00:16:42 (3761 turns).

Curus the Spear-Bearer (Merfolk Berserker)          Turns: 3761, Time: 00:16:42

Health: -1/70      AC:  5    Str: 17      XL:     6   Next: 83%
Magic:  6/6        EV: 12    Int:  6 (7)  God:    Trog [***...]
Gold:   100        SH:  0    Dex: 15      Spells: 5/5 levels left

rFire    + . .     SeeInvis +   a - +0 spear
rCold    . . .     Gourm    .   (no shield)
rNeg     . . .     Faith    .   f - +0 ring mail
rPois    .         Spirit   .   (no helmet)
rElec    .         Reflect  .   (no cloak)
rCorr    +         Harm     .   (no gloves)
MR       ++...                  (no boots)
Stlth    ..........             (no amulet)
HPRegen  1.21/turn              i - ring of resist corrosion
MPRegen  0.10/turn              d - ring of see invisible

@: berserking, lethally poisoned (-1 -> -1), regenerating, very quick
A: change form in water, swift swim, stealthy swim, fire resistance 1, no potion
heal 1
a: Berserk, Trog's Hand, Renounce Religion


You were on level 4 of the Dungeon.
You worshipped Trog.
Trog was most pleased with you.
You were near starving.

You visited 1 branch of the dungeon, and saw 4 of its levels.

You collected 100 gold pieces.

Inventory:

Hand Weapons
 a - a +0 spear (weapon)
Armour
 b - a +0 animal skin
 f - a +0 ring mail (worn)
Jewellery
 d - a ring of see invisible (right hand)
 i - a ring of resist corrosion (left hand)
 m - an uncursed ring of flight
 n - a -4 ring of strength
Wands
 h - a wand of enslavement (9)
 k - a wand of random effects (27)
Scrolls
 e - a scroll of remove curse
 g - 2 scrolls of identify
Potions
 j - a potion of might
Comestibles
 c - 11 rations


   Skills:
 - Level 3.2 Fighting
 + Level 10.6 Polearms
 - Level 1.3 Armour
 - Level 2.6 Dodging


You had 5 spell levels left.
You didn't know any spells.
Your spell library was empty.

Dungeon Overview and Level Annotations

Branches:
Dungeon (4/15)
 Temple: D:4-7

Altars:
Nemelex Xobeh
Yredelemnul


Innate Abilities, Weirdness & Mutations

You revert to your normal form in water.
You are very nimble and swift while swimming.
You are very stealthy in the water. (Stealth+)
Your flesh is heat resistant. (rF+)
Potions are less effective at restoring your health.


Message History

* * * LOW HITPOINT WARNING * * *
The killer bee misses you.
You closely miss the killer bee.
The killer bee is heavily wounded.
You feel sick. The killer bee stings you.
* * * LOW HITPOINT WARNING * * *
You miss the killer bee.
The killer bee is heavily wounded.
The killer bee stings you but does no damage.
You puncture the killer bee!
You kill the killer bee!
Trog accepts your kill.
You feel your intelligence returning.
You closely miss the killer bee. You barely miss the killer bee.
The killer bee stings you but does no damage.
You puncture the killer bee!
The killer bee is severely wounded.
You feel sick. The killer bee stings you.
You die... ..# ..#### ....$. ....# #...# yyy

##### #y#
###...###@######
#.+..............
#.#.#...###.######.
#.#.#<..+ ....
#.#.'...# #.###
#.###...# #.#
#.###.(.###..
#............. ##
#..........#...


You could see 4 killer bees.

Vanquished Creatures
  2 phantoms (D:4)
  A killer bee (D:4)
  An iguana (D:2)
  A worker ant (D:4)
  3 adders
  2 oozes
  A worm (D:2)
  2 dart slugs
  2 leopard geckos (D:2)
  An orc (D:3)
  5 giant cockroaches
  6 goblins
  7 hobgoblins
  13 jackals
  3 kobolds (D:1)
  2 quokkas
  14 bats
  5 frilled lizards
  8 rats
79 creatures vanquished.

Notes
Turn   | Place    | Note
-------+----------+-------------------------------------------
     0 | D:1      | Curus the Merfolk Berserker began the quest for the Orb.
     0 | D:1      | Reached XP level 1. HP: 18/18 MP: 1/1
    40 | D:1      | Reached skill level 5 in Polearms
   163 | D:1      | Reached XP level 2. HP: 24/24 MP: 2/2
  1030 | D:1      | Reached ** piety under Trog
  1363 | D:2      | Reached skill level 6 in Polearms
  1363 | D:2      | Reached XP level 3. HP: 27/29 MP: 3/3
  1471 | D:2      | Reached skill level 7 in Polearms
  1471 | D:2      | Reached XP level 4. HP: 34/35 MP: 4/4
  1572 | D:2      | Found a basalt altar of Yredelemnul.
  2125 | D:2      | Gained mutation: Potions are less effective at restoring
                  | your health. [potion of mutation]
  2125 | D:2      | Gained mutation: Your flesh is heat resistant. (rF+)
                  | [potion of mutation]
  2616 | D:3      | Reached skill level 8 in Polearms
  2626 | D:3      | Reached XP level 5. HP: 24/41 MP: 5/5
  2651 | D:3      | Reached *** piety under Trog
  3313 | D:3      | Found a sparkling altar of Nemelex Xobeh.
  3459 | D:4      | Noticed a phantom
  3461 | D:4      | Noticed a phantom
  3513 | D:4      | Killed a phantom
  3513 | D:4      | Reached skill level 9 in Polearms
  3513 | D:4      | Reached XP level 6. HP: 29/47 MP: 6/6
  3518 | D:4      | Killed a phantom
  3518 | D:4      | Reached skill level 10 in Polearms
  3756 | D:4      | HP: 2/70 [killer bee (3)]
  3761 | D:4      | HP: 3/70 [poisoned by a killer bee]
  3761 | D:4      | Slain by a killer bee

Illustrated notes

Levels and vault maps discovered:
D:1:      minmay_arrival_jagged, layout_basic
D:2:      layout_basic, overflow_temple_1_default
D:3:      layout_rooms, first_ration, hangedman_decor_riveting,
          nemelex_diamond_rough_becter
D:4:      layout_basic, minmay_close_crescents, uniq_pikel, uniq_eustachio

Skill      XL: |  1  2  3  4  5  6 |
---------------+-------------------+-----
Polearms       | 5 6 7 8 9 10 | 10.6
Fighting       | |  3.2
Armour         | |  1.3
Dodging        | |  2.6

Action                   |  1- 3 |  4- 6 || total
-------------------------+-------+-------++-------
Melee: Spear             |   103 |   284 ||   387
Invok: Berserk           |     2 |     2 ||     4
       Trog's Hand       |       |     1 ||     1
  Use: Scroll            |     3 |     6 ||     9
       Potion            |     2 |     5 ||     7
 Stab: Sleeping          |     1 |       ||     1
  Eat: Chunk             |     2 |    10 ||    12
Armor: Ring mail         |    17 |    63 ||    80
       Animal skin       |     3 |       ||     3
Dodge: Dodged            |    28 |    98 ||   126
